 Dungeon Crawl Stone Soup version 0.31.0-32-g396128a36d (webtiles) character file.

Game seed: 12537714902878156379

1390 AarnesTheHuman the Sneak (level 8, 0/67 HPs)
             Began as a Minotaur Berserker on Apr 19, 2024.
             Was a Priest of Trog.
             Slain by an orc wizard
             ... wielding a +0 dagger
              (1 damage)
             ... on level 6 of the Dungeon.
             The game lasted 00:06:17 (5105 turns).

AarnesTheHuman the Sneak (Minotaur Berserker)       Turns: 5105, Time: 00:06:18

Health: 0/67       AC:  6    Str: 23    XL:     8   Next: 40%
Magic:  7/7        EV: 12    Int:  4    God:    Trog [***...]
Gold:   285        SH:  0    Dex: 11    Spells: 7/7 levels left

rFire   + . .        a - +0 hand axe
rCold   . . .        (no shield)
rNeg    + . .        w - +0 steam dragon scales
rPois   .            (helmet restricted)
rElec   .            (no cloak)
rCorr   .            (no gloves)
SInv    .            k - +0 pair of boots
Will    .....        (no amulet)
Stlth   +++          m - ring of protection from fire
HPRegen 0.31/turn    j - ring of positive energy
MPRegen 0.10/turn

%: no passive effects
@: no status effects
A: horns 2, retaliatory headbutt
a: Renounce Religion, Berserk, Trog's Hand


You were on level 6 of the Dungeon.
You worshipped Trog.
Trog was most pleased with you.
You visited 2 branches of the dungeon, and saw 7 of its levels.

You collected 285 gold pieces.

Inventory:

Hand Weapons
 a - a +0 hand axe (weapon)
Missiles
 g - 66 stones
 r - 25 poisoned darts
 s - 7 boomerangs (quivered)
Armour
 b - a +0 animal skin
 k - a +0 pair of boots (worn)
 w - +0 steam dragon scales (worn)
Jewellery
 h - a +6 ring of intelligence
 j - a ring of positive energy (right hand)
 l - the amulet "Harrak" {Acrobat Rampage rElec rPois Str+2}
   (You acquired it on level 4 of the Dungeon)

   [amulet of the acrobat]

   Acrobat:   It increases your evasion while moving and waiting.
   Str+2:     It affects your strength (+2).
   rElec:     It insulates you from electricity.
   rPois:     It protects you from poison Rampage: It bestows one free step when
   moving towards enemies.
 m - a ring of protection from fire (left hand)
Scrolls
 c - 2 scrolls of revelation
 d - 4 scrolls of identify
 f - 2 scrolls of teleportation
 q - a scroll of fear
Potions
 e - 4 potions of curing
 i - a potion of ambrosia {unknown}
 n - a potion of attraction {unknown}
 o - a potion of cancellation {unknown}
 p - a potion of haste {unknown}
 t - a potion of invisibility {unknown}
 u - a potion of heal wounds {unknown}
 v - 2 potions of might {unknown}


   Skills:
 + Level 4.5 Fighting
 + Level 6.6 Axes
 + Level 2.0 Throwing
 + Level 3.6 Armour
 + Level 3.3 Dodging
 - Level 7.2 Stealth


You had 7 spell levels left.
You didn't know any spells.
Your spell library was empty.

Dungeon Overview and Level Annotations

Branches:
Dungeon (6/15)             Temple (1/1) D:4

Altars:
Ashenzari
Cheibriados
Dithmenos
Elyvilon
Fedhas
Gozag
Hepliaklqana
Kikubaaqudgha
Makhleb
Nemelex Xobeh
Okawaru
Qazlal
Ru
Sif Muna
Trog
Uskayaw
Vehumet
Wu Jian
Yredelemnul
Zin
The Shining One

Shops:
D:5 *


Innate Abilities, Weirdness & Mutations

You have a pair of horns on your head.
You reflexively headbutt those who attack you in melee.


Message History

You are confused.
The ogre misses you.
You are too confused!
You are too confused!
You hit the ogre. You headbutt the ogre!
The ogre is almost dead.
You barely miss the orc wizard. The orc wizard closely misses you.
You closely miss the orc wizard.
The orc wizard is almost dead.
You hit the ogre.
The orc wizard hits you but does no damage.
The ogre hits you with a +0 giant club.
You closely miss the ogre.
You headbutt the ogre, but do no damage.
The ogre is almost dead.
You closely miss the orc wizard. The orc wizard closely misses you.
The ogre hits you with a +0 giant club!!
* * * LOW HITPOINT WARNING * * *
You closely miss the orc wizard. Your headbutt misses the orc wizard.
The orc wizard is almost dead.
You hit the ogre. The orc wizard barely misses you.
You bump into the rock wall.
The ogre hits you with a +0 giant club!
* * * LOW HITPOINT WARNING * * *
The orc wizard points at you and mumbles some strange words.
The puff of flame hits you. You resist.
* * * LOW HITPOINT WARNING * * *
You are too confused!
You miss the orc wizard. You hit the ogre.
You kill the ogre!
Trog accepts your kill.
The orc wizard casts a spell.
The orc wizard flickers and vanishes!
Deactivating autopickup; reactivate with Ctrl-A.
Your Throwing skill increases to level 2!
You closely miss something. You closely miss the orc.
You feel less confused. The orc hits you with a +0 short sword.
* * * LOW HITPOINT WARNING * * *
Something hits you.
You die...

#.......####
#.##.......#
###.##.##.##.#
#......##.##.#
#.#.##....##.#######
#.#.##.##.##.#.....#
#.#.......##.#.....#
##.####..............
#.h{@#########.......
##.#o# #<[.....
..)...)o# #.##..#.
.#####..# #.###.#.
#..# #.###.#. ....
#....... ##..#
#####.## #.## #..# ..
#...


You could see a hound, an orc wizard and an orc.

Vanquished Creatures
  Sigmund (D:5)
  A steam dragon (D:6)
  A water moccasin (D:4)
  A black bear (D:4)
  3 ogres (D:6)
  A kobold brigand (D:5)
  A scorpion (D:5)
  4 bombardier beetles (D:5)
  3 hounds (D:5)
  A jelly (D:6)
  An iguana (D:5)
  2 orc wizards
  Robin (D:3)
  A gnoll (D:5)
  8 adders
  A shadow imp (D:6)
  3 dart slugs
  2 ribbon worms
  2 orcs (D:5)
  13 ball pythons
  A bat (D:3)
  7 endoplasms
  A giant cockroach (D:1)
  14 goblins
  12 hobgoblins
  A jackal (D:2)
  15 kobolds
  7 quokkas
  6 frilled lizards
  6 rats
121 creatures vanquished.

Notes
Turn   | Place    | Note
-------+----------+-------------------------------------------
     0 | D:1      | AarnesTheHuman the Minotaur Berserker began the quest for
                  | the Orb.
     0 | D:1      | Reached XP level 1. HP: 19/19 MP: 0/0
    45 | D:1      | Reached XP level 2. HP: 14/26 MP: 1/1
   268 | D:1      | Found a faded altar of an unknown god.
   427 | D:1      | Reached skill level 5 in Axes
   452 | D:1      | Reached ** piety under Trog
   453 | D:1      | Reached XP level 3. HP: 28/31 MP: 2/2
   858 | D:2      | Found a sparkling altar of Nemelex Xobeh.
  1335 | D:2      | Reached XP level 4. HP: 33/39 MP: 3/3
  1655 | D:3      | Reached skill level 1 in Stealth
  2011 | D:3      | Noticed Robin
  2022 | D:3      | Reached *** piety under Trog
  2030 | D:3      | Killed Robin
  2031 | D:3      | Reached skill level 2 in Stealth
  2549 | D:4      | Identified a scroll of acquirement
  2549 | D:4      | Acquired the amulet "Harrak" {Acrobat Rampage rElec rPois
                  | Str+2}
  2744 | D:4      | Noticed a black bear
  2780 | D:4      | Reached XP level 5. HP: 45/45 MP: 4/4
  2789 | D:4      | Killed a black bear
  2790 | D:4      | Reached skill level 3 in Stealth
  2932 | D:4      | Found a staircase to the Ecumenical Temple.
  3194 | Temple   | Entered the Ecumenical Temple
  3231 | D:5      | Entered Level 5 of the Dungeon
  3232 | D:5      | Noticed a water moccasin
  3244 | D:4      | Killed a water moccasin
  3245 | D:4      | Reached skill level 4 in Stealth
  3245 | D:4      | Reached XP level 6. HP: 28/51 MP: 5/5
  3416 | D:5      | Reached skill level 5 in Stealth
  3622 | D:5      | HP: 2/76 [kobold brigand/+4 short sword (7)]
  3833 | D:5      | Noticed Sigmund
  3837 | D:5      | Reached XP level 7. HP: 48/57 MP: 6/6
  3845 | D:5      | Killed Sigmund
  3846 | D:5      | Reached skill level 6 in Stealth
  3881 | D:5      | Found a burning altar of Makhleb.
  4137 | D:5      | Reached skill level 7 in Stealth
  4269 | D:5      | Found Amnihot's Lightly-Used Armoury.
  4496 | D:6      | Reached XP level 8. HP: 66/66 MP: 7/7
  4527 | D:6      | Reached skill level 1 in Throwing
  4806 | D:6      | Found a hide-covered altar of Uskayaw.
  5105 | D:6      | HP: 1/67 [orc/+0 short sword (4)]
  5105 | D:6      | Slain by an orc wizard

Illustrated notes

Levels and vault maps discovered:
D:1:      lightli_arrival_statuegarden, layout_loops_ring,
          hellmonk_ecumenical_altar_leap_of_faith, minmay_shallow_snake_nest
D:2:      layout_rooms, basic_altar, minmay_octomino_c4
D:3:      layout_loops_ring, hangedman_feature_mirror,
          hangedman_decor_clover_reticule, uniq_robin
D:4:      layout_basic, minmay_temple_entry_tees
D:5:      layout_loops_cross, overflow_temple_1_default,
          minmay_misc_feat_columns, roderic_st_hans_cross, minmay_shop_damaged,
          cheibrodos_gnoll_hut, uniq_sigmund
D:6:      layout_loops_cross, nicolae_uskayaw_dance_hall
Temple:   hellmonk_temple_of_storms

Skill      XL: |  1  2  3  4  5  6  7  8 |
---------------+-------------------------+-----
Axes           | 4 5 6 |  6.6
Stealth        | 2 4 5 7 |  7.2
Fighting       | 4 |  4.5
Throwing       | 2 |  2.0
Armour         | 3 |  3.6
Dodging        | 3 |  3.3

Action                     |  1- 3 |  4- 6 |  7- 9 || total
---------------------------+-------+-------+-------++-------
  Melee: Hand axe          |    83 |   104 |    72 ||   259
         Headbutt          |    13 |    17 |    15 ||    45
         Punch             |     1 |     3 |       ||     4
 Invoke: Berserk           |       |     4 |     1 ||     5
    Use: Scroll            |       |     6 |       ||     6
   Stab: Sleeping          |     1 |     1 |     7 ||     9
         Distracted        |       |     1 |       ||     1
 Armour: Animal skin       |    48 |    68 |    27 ||   143
         Steam dragon scal |       |       |    10 ||    10
  Dodge: Dodged            |    53 |    68 |    40 ||   161
